AoeStats
← 猫咪先生

Arena

510270114Analyzed
2v2 RM · 22h ago on Sep 30, 2026· 71m 10s· 4 players
Game mode
Random Map
Map size
Medium (4 player)
Population
200
Speed
Normal
Resources
Standard
Victory
Conquest
Starting age
Dark Age
Ending age
Imperial Age
RankedLock teamsTeams togetherTeam positionsShared explorationLock speedFull tech treeHidden civsTurbo modeCheats
Victory
Defeat
🇮🇶 Vikings · Iraq
952
+35
🇨🇳 Cumans · China
933
+15
🇬🇧 Huns · United Kingdom
918
-44
🇩🇰 Mongols · Denmark
907
-14
猫咪先生
12:01 Feudal Age
16:26 Castle Age
16:57 Double-Bit Axe
19:54 Horse Collar
20:41 Bow Saw
21:10 Heavy Plow
23:35 Man-at-Arms
25:08 Capped Ram
26:44 Wheelbarrow
26:08 Arson
26:02 Long Swordsman
27:43 Scale Mail Armor
27:54 Forging
27:55 Squires
29:26 Chain Mail Armor
30:23 Iron Casting
34:45 Imperial Age
35:01 Bloodlines
34:51 Gold Mining
34:51 Stone Mining
37:05 Crop Rotation
37:37 Two-Man Saw
36:51 Thumb Ring
36:07 Elite Skirmisher
38:23 Ballistics
38:20 Scale Barding Armor
37:39 Cavalier
39:10 Heated Shot
40:29 Conscription
43:21 Chain Barding Armor
46:08 Gold Shaft Mining
45:51 Padded Archer Armor
45:41 Fletching
47:25 Paladin
48:45 Leather Archer Armor
51:40 Plate Barding Armor
52:07 Blast Furnace
50:42 Pikeman
51:29 Halberdier
52:19 Steppe Husbandry
62:42 Caravan
65:38 Guilds
69:02 Ring Archer Armor
68:28 Bodkin Arrow
yous83902
11:22 Feudal Age
12:01 Double-Bit Axe
12:03 Horse Collar
21:54 Castle Age
23:10 Heavy Plow
23:51 Loom
23:55 Crossbowman
24:31 Fletching
26:39 Bow Saw
27:03 Elite Skirmisher
29:09 Padded Archer Armor
29:05 Bodkin Arrow
30:54 Leather Archer Armor
31:22 Ballistics
31:13 Masonry
32:57 Scale Mail Armor
33:08 Forging
37:30 Imperial Age
35:10 Town Watch
35:41 Pikeman
39:43 Chemistry
39:16 Chain Mail Armor
39:03 Bracer
39:37 Squires
41:11 Architecture
44:08 Siege Engineers
44:59 Plate Mail Armor
44:59 Ring Archer Armor
45:05 Iron Casting
44:58 Capped Ram
48:21 Town Patrol
49:38 Blast Furnace
49:23 Murder Holes
49:14 Arrowslits
49:40 Chieftains
49:40 Bogsveigar
49:42 Siege Ram
51:11 Bogsveigar
55:36 Conscription
54:37 Elite Berserk
59:35 Hoardings
62:11 Treadmill Crane
64:02 Arson
68:03 Onager
Cr4mer
10:35 Feudal Age
11:28 Double-Bit Axe
12:21 Wheelbarrow
16:35 Castle Age
14:56 Horse Collar
16:07 Gold Mining
16:12 Stone Mining
24:11 Hand Cart
24:31 Fervor
25:33 Loom
29:35 Bloodlines
29:22 Light Cavalry
35:15 Husbandry
35:08 Fletching
35:18 Padded Archer Armor
37:36 Gold Shaft Mining
37:36 Stone Shaft Mining
38:20 Bodkin Arrow
38:40 Leather Archer Armor
39:04 Bow Saw
39:18 Forging
42:04 Ballistics
45:02 Imperial Age
45:16 Iron Casting
44:47 Scale Barding Armor
45:27 Hussar
45:45 Elite Mangudai
46:20 Capped Ram
48:09 Chemistry
48:48 Blast Furnace
48:08 Chain Barding Armor
49:54 Conscription
52:34 Conscription
55:49 Siege Ram
57:12 Bracer
59:23 Onager
MontyWood
2:06 Loom
11:34 Feudal Age
12:13 Horse Collar
12:21 Double-Bit Axe
15:03 Gold Mining
17:59 Wheelbarrow
20:41 Castle Age
19:11 Fletching
21:05 Padded Archer Armor
22:17 Hand Cart
22:07 Bodkin Arrow
22:28 Husbandry
23:20 Bow Saw
23:13 Heavy Plow
23:47 Bloodlines
24:30 Gold Shaft Mining
25:43 Leather Archer Armor
25:52 Thumb Ring
28:49 Town Watch
41:54 Imperial Age
40:36 Scale Barding Armor
40:43 Forging
42:11 Capped Ram
43:16 Heavy Cavalry Archer
44:22 Parthian Tactics
44:55 Chain Barding Armor
45:39 Cavalier
50:28 Plate Barding Armor
55:11 Bracer
Connection lost

Rejoining the realm…

Still unreachable

The connection could not be restored.

Session expired

The server has moved on; the page needs a fresh start.